 Dungeon Crawl Stone Soup version 0.28.0-53-g5a82cb258f (webtiles) character file.

Game seed: 8922302567260199574

32 yokelz the Covered (level 3, 0/23 HPs)
             Began as a Gargoyle Fighter on Aug 15, 2022.
             Slain by a goblin
             ... wielding a +0 club
             ... led by Robin
              (4 damage)
             ... on level 1 of the Dungeon.
             The game lasted 00:01:31 (1352 turns).

yokelz the Covered (Gargoyle Fighter)               Turns: 1352, Time: 00:01:32

Health: 0/23       AC: 10    Str: 21    XL:     3   Next: 25%
Magic:  3/3        EV:  9    Int:  8    God:
Gold:   89         SH:  0    Dex:  9    Spells: 2/2 levels left

rFire   . . .      SeeInvis .   n - +0 triple sword
rCold   . . .      Faith    .   (shield currently unavailable)
rNeg    + . .      Spirit   .   b - +0 scale mail
rPois   ∞          Reflect  .   (no helmet)
rElec   +          Harm     .   (no cloak)
rCorr   .          Rampage  .   (no gloves)
Will    .....                   (no boots)
Stlth   ..........              (no amulet)
HPRegen 0.07/turn               (no ring)
MPRegen 0.08/turn               (no ring)

@: no status effects
A: sickness immunity, AC +3, negative energy resistance 1, electricity
resistance, torment resistance 1, petrification resistance
a: no special abilities


You were on level 1 of the Dungeon.
You visited 1 branch of the dungeon, and saw 2 of its levels.

You collected 89 gold pieces.

Inventory:

Hand Weapons
 a - a +0 flail
 n - a +0 triple sword (weapon)
Missiles
 k - 3 boomerangs (quivered)
Armour
 b - a +0 scale mail (worn)
 c - a +0 buckler
Scrolls
 h - a scroll of magic mapping {unknown}
 j - 2 scrolls of teleportation {unknown}
 l - a scroll of identify {unknown}
 p - a scroll of enchant weapon {unknown}
Potions
 d - a potion of might
 e - a potion of experience {unknown}
 f - a potion of lignification {unknown}
 g - a potion of invisibility {unknown}
 i - a potion of curing {unknown}
 m - a potion of heal wounds {unknown}
 o - a potion of cancellation {unknown}


   Skills:
 - Level 3.6 Fighting
 + Level 0.5 Long Blades
 - Level 2.4 Maces & Flails
 - Level 3.6 Armour
 - Level 3.6 Shields


You had 2 spell levels left.
You didn't know any spells.
Your spell library was empty.

Dungeon Overview and Level Annotations

Branches:
Dungeon (2/15)

Altars:

Annotations:
D:2 Robin


Innate Abilities, Weirdness & Mutations

You are immune to sickness and miasma.
Your stone body is resilient. (AC +3)
You are immune to poison.
You resist negative energy. (rN+)
You are resistant to electric shocks. (rElec)
You are resistant to unholy torment.
You are immune to petrification.


Message History

Robin says, "Feeling lonely?"
The goblin hits you but does no damage.
You barely miss the goblin. The goblin hits you with a +0 club.
The goblin hits you but does no damage. The goblin hits you with a +0 club.
The goblin barely misses you.
You slash the goblin!
You kill the goblin!
The goblin no longer looks unusually strong.
The hobgoblin no longer looks unusually strong.
A goblin comes into view. It is wielding a +0 club.
Robin throws the goblin at you! The goblin hits you with a +0 club.
The goblin hits you but does no damage. Robin throws the goblin at you!
The goblin barely misses you.
The hobgoblin hits you but does no damage.
The goblin hits you with a +0 club.
The goblin no longer looks unusually strong.
The hobgoblin no longer looks unusually strong.
The goblin hits you but does no damage.
The hobgoblin no longer looks unusually strong.
The goblin no longer looks unusually strong. x2
The hobgoblin no longer looks unusually strong.
Robin says, "Kneel, worm!"
There is an escape hatch in the ceiling here.
The goblin hits you with a +0 club. A mysterious force pulls you upwards.
The hatch slams shut behind you.
You barely miss the goblin. The goblin barely misses you.
You hit the goblin.
The goblin is moderately wounded.
The goblin closely misses you. The goblin barely misses you.
You closely miss the goblin.
The goblin is moderately wounded.
The goblin barely misses you. The goblin closely misses you.
You closely miss the goblin.
The goblin is moderately wounded.
The goblin closely misses you. The goblin hits you with a +0 club.
* * * LOW HITPOINT WARNING * * *
You closely miss the goblin.
The goblin is moderately wounded.
The goblin hits you but does no damage. The goblin hits you with a +0 club.
You die...

### #............#
##.# #.####.#####.#
##.# #.# #.# #.#
.#.###.# #.# #.#
.#..##.####.#####.#
P#...|...##...[...#
P##.##.#.#######..#
##.###..........g.#
### ###.#######@##
#.# #.# #.# #.# #.#
#.# #.# #)# #.# #.#
#.# #.#
#####.#######.#
#.............#


You could see a goblin.

Vanquished Creatures
  4 ball pythons (D:1)
  3 bats
  4 endoplasms
  5 goblins
  3 hobgoblins
  A quokka (D:1)
  2 frilled lizards
  2 kobolds (D:1)
  5 rats
29 creatures vanquished.

Notes
Turn   | Place    | Note
-------+----------+-------------------------------------------
     0 | D:1      | yokelz the Gargoyle Fighter began the quest for the Orb.
     0 | D:1      | Reached XP level 1. HP: 14/14 MP: 1/1
   109 | D:1      | Found a faded altar of an unknown god.
   506 | D:1      | Reached XP level 2. HP: 19/19 MP: 2/2
  1176 | D:2      | Reached XP level 3. HP: 23/23 MP: 3/3
  1319 | D:2      | Noticed Robin
  1352 | D:1      | Slain by a goblin

Illustrated notes

Levels and vault maps discovered:
D:1:      lightli_arrival_maybe_door_vault, layout_loops_ring,
          shapermc_ecumenical_altar_flowoftime, serial_bayou_lagoon_a,
          minmay_misc_feat_alley, minmay_misc_feat_plants
D:2:      layout_basic, uniq_robin

Action                   || total
-------------------------++-------
Melee: Flail             ||    70
       Punch             ||     2
       Triple sword      ||    15
Armor: Scale mail        ||    79
Dodge: Dodged            ||    64
